AoeStats
← BottleDry

Arabia

506513628Analyzed
4v4 RM · 19d ago on Sep 13, 2026· 32m 31s· 8 players
Game mode
Random Map
Map size
Large (8 player)
Population
200
Speed
Normal
Resources
Standard
Victory
Conquest
Starting age
Dark Age
Ending age
Imperial Age
RankedLock teamsTeams togetherTeam positionsShared explorationLock speedFull tech treeHidden civsTurbo modeCheats
Victory
Defeat
🇺🇾 Chinese · Uruguay
1052
+12
🇺🇾 Lithuanians · Uruguay
1012
+13
🇺🇾 Teutons · Uruguay
1007
+13
🇺🇾 Mongols · Uruguay
953
+15
🇦🇷 Sicilians · Argentina
988
-15
🇺🇸 Teutons · United States
941
-13
🇺🇸 Slavs · United States
940
-13
🇺🇸 Magyars · United States
925
-12
jstep
1:21 Loom
12:14 Feudal Age
13:50 Wheelbarrow
13:02 Double-Bit Axe
19:55 Castle Age
19:14 Stone Mining
19:26 Gold Mining
21:20 Hand Cart
21:18 Bow Saw
TheDukeofWrenches
11:21 Feudal Age
9:37 Loom
12:24 Man-at-Arms
16:32 Scale Mail Armor
19:50 Forging
23:34 Castle Age
25:17 Squires
24:38 Long Swordsman
27:08 Gold Mining
27:08 Stone Mining
28:05 Double-Bit Axe
29:53 Pikeman
31:55 Stone Shaft Mining
31:55 Chain Mail Armor
BottleDry
7:04 Loom
10:18 Feudal Age
10:58 Double-Bit Axe
11:02 Horse Collar
16:12 Scale Barding Armor
17:35 Gold Mining
18:10 Bloodlines
22:05 Castle Age
22:48 Husbandry
23:10 Chain Barding Armor
22:16 Pikeman
22:42 Arson
22:59 Scale Mail Armor
24:30 Heavy Plow
26:11 Wheelbarrow
26:36 Stone Mining
30:08 Hand Cart
IIWALLACEII
2:07 Loom
13:32 Feudal Age
14:15 Double-Bit Axe
20:50 Castle Age
19:35 Horse Collar
21:07 Stone Mining
22:22 Fletching
23:19 Squires
24:53 Gambesons
27:49 Scale Mail Armor
28:00 Forging
27:54 Scale Mail Armor
27:50 Bodkin Arrow
Campone
0:26 Loom
9:59 Feudal Age
10:55 Double-Bit Axe
10:53 Horse Collar
14:18 Wheelbarrow
15:03 Fletching
20:54 Castle Age
20:28 Gold Mining
20:29 Stone Mining
21:33 Padded Archer Armor
21:25 Crossbowman
22:03 Bodkin Arrow
23:20 Hand Cart
25:29 Ballistics
25:28 Leather Archer Armor
25:32 Heavy Plow
25:47 Bow Saw
33:01 Imperial Age
31:01 Town Watch
32:15 Thumb Ring
el_sego
1:09 Loom
9:52 Feudal Age
10:44 Double-Bit Axe
14:15 Horse Collar
21:04 Castle Age
19:47 Bloodlines
20:06 Gold Mining
21:14 Scale Barding Armor
21:29 Forging
22:23 Heavy Plow
25:14 Husbandry
32:54 Wheelbarrow
MrJohn
5:17 Loom
9:05 Feudal Age
9:53 Double-Bit Axe
11:01 Horse Collar
17:21 Forging
19:18 Bloodlines
20:10 Scale Barding Armor
25:22 Castle Age
24:16 Gold Mining
28:05 Wheelbarrow
30:43 Chain Barding Armor
30:59 Husbandry
Q13
0:26 Loom
9:23 Feudal Age
14:23 Double-Bit Axe
21:10 Castle Age
27:24 Horse Collar
28:59 Arson
29:01 Gambesons
29:47 Scale Mail Armor
29:42 Pikeman
Connection lost

Rejoining the realm…

Still unreachable

The connection could not be restored.

Session expired

The server has moved on; the page needs a fresh start.